 Dungeon Crawl Stone Soup version 0.26-a0-665-gefeb406119 (webtiles) character file.

Game seed: 17799584989473457809

2021 jasper the Cleaver (level 9, -5/73 HPs)
             Began as a Palentonga Berserker on Oct 13, 2020.
             Was a Priest of Trog.
             Slain by a wyvern (12 damage)
             ... on level 7 of the Dungeon.
             The game lasted 00:14:26 (5714 turns).

jasper the Cleaver (Palentonga Berserker)           Turns: 5714, Time: 00:14:27

Health: -5/73      AC:  9    Str: 23    XL:     9   Next: 3%
Magic:  9/9        EV:  6    Int:  7    God:    Trog [***...]
Gold:   201        SH:  0    Dex: 11    Spells: 8/8 levels left

rFire    + . .     SeeInvis +   a - +0 hand axe
rCold    . . .     Faith    .   (no shield)
rNeg     . . .     Spirit   .   m - +1 chain mail {rPois}
rPois    +         Reflect  .   (no helmet)
rElec    .         Harm     .   c - +0 cloak
rCorr    .         Rampage  .   (no gloves)
MR       ++...                  (no barding)
Stlth    ..........             n - amulet of the acrobat
HPRegen  1.22/turn              s - ring of protection from fire
MPRegen  0.11/turn              (no ring)

@: berserk cooldown, flying, regenerating (expiring)
A: large, rugged brown scales 3, see invisible, deformed body, roll, armoured
tail
a: Rolling Charge, Berserk, Trog's Hand, Renounce Religion


You were on level 7 of the Dungeon.
You worshipped Trog.
Trog was most pleased with you.
You visited 1 branch of the dungeon, and saw 7 of its levels.

You collected 291 gold pieces.
You spent 90 gold pieces at shops.

Inventory:

Hand Weapons
 a - a +0 hand axe (weapon)
 G - a +4 dire flail
 I - a +4 trident of flaming
Missiles
 d - 241 stones
 g - 7 poisoned darts
 h - 8 boomerangs (quivered)
Armour
 b - a +0 animal skin
 c - a +0 cloak (worn)
 j - a +0 ring mail
 m - a +1 chain mail of poison resistance (worn)
 C - a +0 kite shield
 H - a +0 kite shield
Jewellery
 n - an amulet of the acrobat (around neck)
 s - a ring of protection from fire (left hand)
 D - an uncursed ring of stealth {unknown}
Wands
 w - a wand of flame (26)
 y - a wand of paralysis (11)
Scrolls
 f - 2 scrolls of blinking {unknown}
 i - a scroll of fog {unknown}
 l - 3 scrolls of identify {unknown}
 o - a scroll of magic mapping {unknown}
 r - a scroll of enchant armour {unknown}
 t - 4 scrolls of remove curse {unknown}
 u - 3 scrolls of amnesia {unknown}
 x - 2 scrolls of enchant weapon {unknown}
 z - a scroll of fear {unknown}
 A - 2 scrolls of immolation {unknown}
 B - 3 scrolls of teleportation {unknown}
Potions
 e - 5 potions of flight
 p - 5 potions of curing
 q - 2 potions of lignification {unknown}
 v - a potion of invisibility {unknown}
 E - 2 potions of degeneration {unknown}
 F - 2 potions of mutation {unknown}


   Skills:
 - Level 3.0 Fighting
 + Level 11.9 Axes
 - Level 1.5 Armour
 - Level 1.5 Dodging


You had 8 spell levels left.
You didn't know any spells.
Your spell library was empty.

Dungeon Overview and Level Annotations

Branches:
Dungeon (7/15)             Temple (0/1) D:4

Altars:
Hepliaklqana
Kikubaaqudgha
Makhleb
Ru
Uskayaw
Wu Jian
Yredelemnul
Zin

Annotations:
D:3 1 runed translucent door, Crazy Yiuf
D:5 2 transporters


Innate Abilities, Weirdness & Mutations

You are completely covered in rugged brown scales. (AC +3, +7% HP)
You have supernaturally acute eyesight. (SInv)
Armour fits poorly on your strangely shaped body.
You can roll at foes to attack.
You have a long armoured tail.


Message History

The wyvern is moderately wounded.
The wyvern bites you!
* * * LOW HITPOINT WARNING * * *
You take 10 damage, and have 18/73 hp.
Unknown command.
You feel the effects of Trog's Hand fading.
The wyvern completely misses you.
You regained 2 hp, and now have 20/73 hp.
Okay, then.
It was a potion of flight.
You feel very buoyant.
You fly up into the air.
The wyvern bites you!
* * * LOW HITPOINT WARNING * * *
The wyvern bites you.
* * * LOW HITPOINT WARNING * * *
You take 15 damage, and have 6/73 hp.
MASSIVE DAMAGE!!
It was a potion of berserk rage.
You're still recovering from your berserk rage.
The wyvern bites you!
You die...

#.## ##.##
#######..###)## ####
.........#..## #...#
..##.........# ##....#
.#..##.......###....!#
...####......##.....#
....###.....##.....#
............# #...#
...))......l## #@#
...).......oo###l#
...#........#.#lo#
...#........##[))#
...#.......##.##.#
.........ll.)...##
................#
...........###..# ...
......# ..#


You could see a wyvern, an iguana and an orc.

Vanquished Creatures
  A deep elf mage (D:7)
  Grinder (D:3)
  Sigmund (D:2)
  An orc warrior (D:7)
  An ice beast (D:6)
  An ogre (D:5)
  A bullfrog (D:6)
  A gnoll sergeant (D:7)
  A scorpion (D:6)
  4 wights (D:6)
  2 howler monkeys
  4 orc priests
  A hound (D:6)
  A bullfrog skeleton (D:5)
  Ijyb (D:4)
  Jessica (D:2)
  2 orc wizards
  4 worker ants
  8 gnolls
  4 adders
  A white imp (D:7)
  2 adder zombies
  A worm (D:4)
  A dart slug (D:1)
  6 leopard geckos
  13 orcs
  A ball python (D:4)
  7 bats
  5 giant cockroaches
  11 hobgoblins
  4 jackals (D:4)
  3 quokkas
  2 frilled lizards
  6 goblins
  6 kobolds
  6 rats
116 creatures vanquished.

Notes
Turn   | Place    | Note
-------+----------+-------------------------------------------
     0 | D:1      | jasper the Palentonga Berserker began the quest for the
                  | Orb.
     0 | D:1      | Reached XP level 1. HP: 20/20 MP: 1/1
   231 | D:1      | Reached XP level 2. HP: 27/27 MP: 2/2
   518 | D:1      | Reached skill level 4 in Axes
   520 | D:1      | Reached XP level 3. HP: 33/33 MP: 3/3
   668 | D:2      | Noticed Jessica
   675 | D:2      | Killed Jessica
   791 | D:2      | Noticed Sigmund
   805 | D:2      | Killed Sigmund
   805 | D:2      | Reached skill level 6 in Axes
   805 | D:2      | Reached XP level 4. HP: 37/40 MP: 4/4
   805 | D:2      | Reached XP level 5. HP: 44/48 MP: 5/5
  1048 | D:2      | Found an ornate altar of the Wu Jian Council.
  1052 | D:2      | Found an ancient bone altar of Kikubaaqudgha.
  1052 | D:2      | Found a sacrificial altar of Ru.
  1064 | D:2      | Reached ** piety under Trog
  1482 | D:2      | Found a basalt altar of Yredelemnul.
  1490 | D:2      | Reached XP level 6. HP: 48/54 MP: 6/6
  1867 | D:2      | Found a hazy altar of Hepliaklqana.
  1867 | D:2      | Found a burning altar of Makhleb.
  1978 | D:3      | Noticed Grinder
  1989 | D:3      | Killed Grinder
  1989 | D:3      | Reached skill level 7 in Axes
  2079 | D:3      | Found a runed translucent door.
  2080 | D:3      | Noticed Crazy Yiuf
  2122 | D:3      | Found a faded altar of an unknown god.
  2177 | D:3      | Found Zin's Purification Station.
  2177 | D:3      | Found a glowing silver altar of Zin.
  2196 | D:3      | Bought a potion of curing for 90 gold pieces
  2338 | D:3      | Reached skill level 8 in Axes
  2491 | D:3      | Reached XP level 7. HP: 60/60 MP: 7/7
  2583 | D:4      | Noticed Ijyb
  2599 | D:4      | Killed Ijyb
  2727 | D:4      | Reached *** piety under Trog
  3000 | D:4      | Found a staircase to the Ecumenical Temple.
  3137 | D:5      | Entered Level 5 of the Dungeon
  3539 | D:5      | Found a transporter.
  3610 | D:5      | Reached skill level 9 in Axes
  3723 | D:5      | Found a transporter.
  4427 | D:6      | Found a hide-covered altar of Uskayaw.
  4794 | D:6      | Reached XP level 8. HP: 58/67 MP: 8/8
  4906 | D:6      | Reached skill level 10 in Axes
  5654 | D:7      | Noticed a deep elf mage
  5670 | D:7      | Killed a deep elf mage
  5670 | D:7      | Reached skill level 11 in Axes
  5686 | D:7      | Reached XP level 9. HP: 73/73 MP: 9/9
  5714 | D:7      | Slain by a wyvern

Illustrated notes

Levels and vault maps discovered:
D:1:      dpeg_arrival_ternary, layout_basic
D:2:      layout_basic, lemuel_doored_altar, gammafunk_temple_overflow_elements,
          chequers_temple_overflow_statue_of_worship, minmay_strange_pillars,
          uniq_sigmund, uniq_jessica
D:3:      layout_basic, zin_purify, chequers_ecumenical_altar_twisty,
          kennysheep_cross_bottleneck, uniq_crazy_yiuf_cottage, uniq_grinder
D:4:      layout_cave_pools, minmay_temple_entry_nine_rooms, uniq_ijyb
D:5:      gammafunk_steamed_eel, layout_layer_cave, minmay_misc_feat_doors
D:6:      layout_basic, kennysheep_mini_moat
D:7:      layout_layer_cave, enter_bailey_3, uniq_menkaure

Skill      XL: |  1  2  3  4  5  6  7  8 |
---------------+-------------------------+-----
Axes           | 4 6 8 9 11 | 11.9
Fighting       | |  3.0
Armour         | |  1.5
Dodging        | |  1.5

Action                   |  1- 3 |  4- 6 |  7- 9 || total
-------------------------+-------+-------+-------++-------
Melee: Hand axe          |    49 |    98 |   225 ||   372
       Tailslap          |     5 |    12 |    23 ||    40
Throw: Dart              |     2 |       |       ||     2
       Boomerang         |    10 |    20 |    24 ||    54
       Stone             |     1 |       |       ||     1
Invok: Berserk           |     2 |     3 |     8 ||    13
       Trog's Hand       |       |       |     4 ||     4
 Abil: Rolling Charge    |    12 |    15 |    21 ||    48
Evoke: Wand              |       |       |     2 ||     2
  Use: Potion            |       |       |     3 ||     3
 Stab: Paralysed         |       |       |     5 ||     5
Armor: Animal skin       |     5 |       |       ||     5
       Ring mail         |     9 |       |       ||     9
       Chain mail        |     1 |    33 |    85 ||   119
Dodge: Dodged            |    26 |    30 |    69 ||   125

Table legend: (Time is in decaauts)
 A = Elapsed time spent in this place.
 B = Non-inter-level travel time spent in this place.
 C = Inter-level travel time spent in this place.
 D = Time resting spent in this place.
 E = Time spent auto-exploring this place.
 F = Levels seen in this place.
 G = Mean time per level.
                   A        B        C        D        E       F      G
               +--------+--------+--------+--------+--------+-----+--------+
         Total |   5805 |   5695 |    110 |    504 |   4404 |   7 |  829.3 |
       Dungeon |   5805 |   5695 |    110 |    504 |   4404 |   7 |  829.3 |
               +--------+--------+--------+--------+--------+-----+--------+

Top non-repeatable levels by time:
     D:2: 1101 daAuts
     D:6: 1097 daAuts
     D:5: 996 daAuts
     D:1: 844 daAuts
     D:3: 649 daAuts
     D:4: 598 daAuts
     D:7: 517 daAuts
